 Dungeon Crawl Stone Soup version 0.24.1-14-gf8d2b509d9 (console) character file.

Game seed: 6458746243887237915, levelgen mode: deterministic

10014 Kagalorn the Covert (level 11, -3/61 HPs)
             Began as an Octopode Air Elementalist on July 20, 2020.
             Was an Initiate of Gozag.
             Slain by an orc warrior
             ... wielding a +0 glaive
              (29 damage)
             ... on level 10 of the Dungeon.
             The game lasted 00:48:12 (12969 turns).

Kagalorn the Covert (Octopode Air Elementalist)    Turns: 12969, Time: 00:48:13

Health: -3/61      AC:  7    Str:  8    XL:     11   Next: 55%
Magic:  22/32      EV: 17    Int: 21    God:    Gozag
Gold:   1133       SH:  3    Dex: 12    Spells: 13/27 levels left

rFire    . . .     SeeInvis .   a - +2 short sword (protect)
rCold    + . .     Gourm    .   (no shield)
rNeg     . . .     Faith    .   M - +1 hat
rPois    .         Spirit   .   A - +3 amulet of reflection
rElec    .         Reflect  +   k - +2 ring of protection
rCorr    .         Harm     .   q - ring of magical power
MR       .....                  G - +3 ring of protection
Stlth    ++++++....             u - ring of Worezxeh {Slay+4 Stlth+}
HPRegen  0.20/turn              U - ring of protection from cold
MPRegen  0.23/turn              (no ring)
                                (no ring)
                                (no ring)

@: no status effects
A: almost no armour, stealthy swim, amphibious, 8 rings, constrict 8, camouflage
1, gelatinous body 1
a: Potion Petition, Call Merchant, Bribe Branch, Renounce Religion


You were on level 10 of the Dungeon.
You worshipped Gozag.
Gozag was most pleased with you.
You were hungry.

You visited 2 branches of the dungeon, and saw 11 of its levels.
You also visited: Sewer and Bailey.

You collected 1275 gold pieces.
You paid 142 gold pieces to Gozag.

Inventory:

Hand Weapons
 a - a +2 short sword of protection (weapon)
 b - a +1 whip of venom
 w - a +1 broad axe
Missiles
 c - 101 sling bullets
 g - 252 stones (quivered)
 j - 109 bolts
 o - 224 arrows
 L - 37 poisoned darts
 N - a throwing net
 O - 3 boomerangs
Armour
 M - a +1 hat (worn)
Jewellery
 k - a +2 ring of protection (left tentacle)
 q - a ring of magical power (right tentacle)
 u - the ring of Worezxeh (on tentacle) {Slay+4 Stlth+}
   (You acquired it in a bailey)

   [ring of stealth]

   It affects your accuracy and damage with ranged weapons and melee attacks
   (+4).
   It makes you more stealthy.
 A - a +3 amulet of reflection (around mantle)
 G - a +3 ring of protection (on tentacle)
 U - a ring of protection from cold (on tentacle)
Wands
 r - a wand of random effects (28)
 s - a wand of flame (11)
 P - a wand of paralysis (12)
 Q - a wand of acid (8)
 R - a wand of digging (7)
 S - a wand of polymorph (5)
Scrolls
 e - 2 scrolls of magic mapping
 h - 2 scrolls of fear
 l - a scroll of amnesia
 n - 5 scrolls of remove curse
 p - a scroll of fog {unknown}
 y - a scroll of blinking
 C - a scroll of random uselessness {unknown}
 E - a scroll of teleportation
 J - a scroll of enchant armour
Potions
 f - a potion of magic
 i - a potion of agility
 t - 2 potions of haste {unknown}
 x - 2 potions of curing
 z - 4 potions of heal wounds
 B - a potion of cancellation
 D - 3 potions of ambrosia {unknown}
 I - 3 potions of might {unknown}
 K - 2 potions of brilliance
 T - a potion of lignification
Comestibles
 H - 12 rations


   Skills:
 + Level 8.4 Dodging
 - Level 10.0 Stealth
 + Level 8.7 Spellcasting
 - Level 3.0 Conjurations
 - Level 3.0 Charms
 - Level 3.0 Translocations
 + Level 2.5 Transmutations
 - Level 8.0 Air Magic
 + Level 2.7 Earth Magic
 - Level 5.0 Evocations


You had 13 spell levels left.
You knew the following spells:

 Your Spells              Type           Power        Failure   Level  Hunger
a - Shock                 Conj/Air       ####         1%          1    None
b - Airstrike             Air            #####.....   2%          4    ###....
c - Passwall              Tmut/Erth      ###.....     3%          2    None
d - Petrify               Tmut/Erth      ###.....     26%         4    ###....
i - Swiftness             Chrm/Air       ####....     1%          2    None
p - Apportation           Tloc           ###...       2%          1    None

Your spell library contained the following spells:

 Spells                   Type           Power        Failure   Level  Hunger
 Sandblast                Erth           ###...       2%          1    None
 Static Discharge         Conj/Air       ####....     2%          3    None
 Stone Arrow              Conj/Erth      ###...       7%          3    None
 Animate Skeleton         Necr           N/A          8%          1    None
 Confusing Touch          Hex            #.....       8%          1    None
 Summon Small Mammal      Summ           #...         8%          1    None
 Lightning Bolt           Conj/Air       ####......   22%         5    #####..
 Lee's Rapid Deconstruct  Erth           ###.......   56%         5    #####..


Dungeon Overview and Level Annotations

Branches:
Dungeon (10/15)            Temple (1/1) D:7            Lair (0/6) D:9
  Sewer (visited)          Bailey (visited)
    Orc: D:9-12

Altars:
Ashenzari
Cheibriados
Dithmenos
Elyvilon
Fedhas
Gozag
Hepliaklqana
Kikubaaqudgha
Makhleb
Nemelex Xobeh
Okawaru
Qazlal
Ru
Sif Muna
Trog
Uskayaw
Vehumet
Wu Jian
Xom
Yredelemnul
Zin
The Shining One

Shops:
D:4 }   D:7 :

Annotations:
D:5 2 transporters, Blejac999's ghost, novice KoEn
D:7 Harold
D:8 3 runed translucent doors, execc's ghost, novice OpBe


Innate Abilities, Weirdness & Mutations

You cannot wear most types of armour.
You are very stealthy in the water. (Stealth+)
You are amphibious.
You can wear up to eight rings at the same time.
You can use your tentacles to constrict eight enemies at once.
Your skin changes colour to match your surroundings (Stealth+).
Your rubbery body absorbs attacks. (AC +1, EV +1)


Message History

Casting: Shock (safe; 1% risk of failure)
Confirm with . or Enter, or press ? or * to list all spells.
Aiming: Shock (safe; 1% risk of failure)
Press: ? - help, Shift-Dir - straight line, f/p - centaur
Aim: a centaur, wielding a +0 trident (heavily wounded)
The zap hits the centaur!
The centaur is almost dead.
The zap hits the hound skeleton.
The hound skeleton is heavily damaged.
The zap hits the howler monkey skeleton.
The howler monkey skeleton is lightly damaged.
You block the centaur's attack. The orc warrior misses you.
The centaur hits you from afar with a +0 trident!
The orc wizard mumbles some strange words.
The orc wizard flickers and vanishes!
The troll is no longer distracted by gold.
The centaur barely misses you.
The orc warrior hits you from afar with a +0 glaive!!
You die...
Your body crumbles into a pile of gold.

#.<...# #.>.......
### .......#... #
##.. o..Z.....# .
#.. ..# ..###......#
#.. #.. . #.......
#.##$#### #..#.##..
####...^$..####{....
...
.....T...@$c.Z$...
...#.......ooZ....
#..####.#5#W..... ##
#..........
#..#####........
#......#.......
######)........
.......#..#....#
....... #..###..


You could see a troll, a wraith, an orc warrior, a centaur, an orc wizard, a
shadow imp, a hound skeleton and a howler monkey skeleton.

Vanquished Creatures
  An orc high priest (Bailey)
  2 orc knights (Bailey)
  An orc sorcerer (Bailey)
  2 trolls (D:9)
  Prince Ribbit (D:8)
  A hippogriff (D:9)
  A slime creature (D:7)
  Sigmund (D:2)
  A wyvern (D:8)
  3 wargs (D:9)
  Menkaure (D:6)
  A black bear (D:7)
  13 orc warriors
  An ice beast (D:8)
  A sky beast (D:8)
  2 phantoms
  2 necrophages
  6 ogres
  5 centaurs
  2 big kobolds
  Blork the orc (D:5)
  7 bullfrogs
  3 scorpions
  5 killer bees (D:9)
  5 electric eels (Bailey)
  2 howler monkeys
  4 crimson imps
  11 jellies
  2 centaur zombies
  Crazy Yiuf (D:6)
  7 hounds
  A quasit (D:9)
  10 orc priests
  A centaur skeleton (D:7)
  An iron imp (D:8)
  A bullfrog skeleton (D:6)
  3 gnoll shamans
  9 orc wizards
  8 worker ants
  A hound skeleton (D:8)
  A hound zombie (D:5)
  23 gnolls
  A howler monkey skeleton (D:8)
  A river rat (D:5)
  11 adders
  A shadow imp (D:5)
  13 oozes
  3 adder skeletons
  4 dart slugs
  4 worms
  7 leopard geckos
  45 orcs
  4 bats
  4 giant cockroaches
  13 goblins
  13 hobgoblins
  17 jackals
  2 quokkas
  3 ball pythons
  13 frilled lizards
  A giant cockroach zombie (D:5)
  A jackal skeleton (D:6)
  22 kobolds
  2 quokka skeletons
  11 rats
  3 plants (Sewer)
354 creatures vanquished.

Vanquished Creatures (others)
  3 fungi (D:7)
3 creatures vanquished.

Grand Total: 357 creatures vanquished

Notes
Turn   | Place    | Note
-------+----------+-------------------------------------------
     0 | D:1      | Kagalorn the Octopode Air Elementalist began the quest for
                  | the Orb.
     0 | D:1      | Reached XP level 1. HP: 11/11 MP: 3/3
   133 | D:1      | Reached skill level 3 in Stealth
   133 | D:1      | Reached XP level 2. HP: 17/17 MP: 1/5
   498 | D:1      | Reached XP level 3. HP: 21/21 MP: 3/6
   727 | D:2      | Learned a level 2 spell: Swiftness
   900 | D:2      | Noticed Sigmund
  1262 | D:1      | Reached XP level 4. HP: 21/27 MP: 4/7
  1813 | D:3      | Reached skill level 4 in Stealth
  1813 | D:3      | Reached skill level 1 in Charms
  1824 | D:3      | Reached XP level 5. HP: 10/31 MP: 0/9
  3185 | D:3      | Reached XP level 6. HP: 28/36 MP: 3/10
  3191 | D:3      | Learned a level 4 spell: Airstrike
  3288 | D:4      | Found Zoan's Gadget Shop.
  3514 | D:4      | Reached skill level 5 in Stealth
  3726 | D:4      | Reached skill level 1 in Evocations
  3935 | D:5      | Entered Level 5 of the Dungeon
  3971 | D:5      | Found a transporter.
  3972 | D:5      | Found a transporter.
  3972 | D:5      | Noticed Blejac999's ghost (novice KoEn)
  3972 | D:5      | Noticed a hungry ghost
  4122 | D:5      | Reached XP level 7. HP: 30/41 MP: 12/12
  4165 | D:5      | Got a translucent flail
  4300 | D:5      | Found a glowing drain.
  4313 | Sewer    | Entered a sewer
  4323 | Sewer    | Reached skill level 6 in Stealth
  4987 | D:5      | Reached skill level 5 in Air Magic
  5178 | D:5      | Identified the cursed +1 flail of Circularity {crush, +Fly
                  | Dex+2 SInv} (You found it on level 5 of the Dungeon)
  5378 | D:5      | Learned a level 1 spell: Apportation
  5399 | D:5      | Noticed Blork the orc
  5407 | D:5      | Killed Blork the orc
  5474 | D:5      | Reached XP level 8. HP: 38/46 MP: 7/14
  5614 | D:5      | Reached skill level 1 in Translocations
  5665 | D:6      | Noticed Menkaure
  5668 | D:6      | Killed Menkaure
  5755 | D:6      | Reached skill level 7 in Stealth
  6010 | D:6      | Found a runed translucent door.
  6011 | D:6      | Noticed Crazy Yiuf
  6017 | D:6      | Killed Crazy Yiuf
  6551 | D:6      | Reached XP level 9. HP: 43/51 MP: 8/16
  6622 | D:6      | Reached skill level 5 in Spellcasting
  7175 | D:2      | Killed Sigmund
  7175 | D:2      | Reached skill level 8 in Stealth
  7318 | D:7      | Found Oqaylida's Book Boutique.
  7740 | D:7      | Reached skill level 5 in Evocations
  7793 | D:7      | Noticed Harold
  7849 | D:7      | Found a flagged portal.
  7856 | Bailey   | Entered a bailey
  8125 | Bailey   | Reached skill level 9 in Stealth
  8148 | Bailey   | Found an iron altar of Okawaru.
  8148 | Bailey   | Noticed an orc high priest
  8148 | Bailey   | Noticed an orc sorcerer
  8282 | Bailey   | Noticed an orc knight
  8543 | Bailey   | Killed an orc high priest
  8543 | Bailey   | Reached skill level 5 in Dodging
  8543 | Bailey   | Reached XP level 10. HP: 56/56 MP: 0/19
  8662 | Bailey   | Killed an orc sorcerer
  8679 | Bailey   | Reached skill level 10 in Stealth
  8850 | Bailey   | Killed an orc knight
  8874 | Bailey   | Noticed an orc knight
  8886 | Bailey   | Identified the +10 plate armour of Depression {rC+ Slay+2}
  9142 | Bailey   | Killed an orc knight
  9739 | Bailey   | Got a clouded tin ring
  9740 | Bailey   | Identified the ring of Worezxeh {Slay+4 Stlth+} (You
                  | acquired it in a bailey)
 10083 | D:7      | Found a staircase to the Ecumenical Temple.
 10093 | Temple   | Entered the Ecumenical Temple
 10351 | Temple   | Became a worshipper of Gozag Ym Sagoz the Greedy
 10691 | D:8      | Noticed Prince Ribbit
 10703 | D:8      | Killed Prince Ribbit
 10714 | D:8      | Found a runed translucent gate.
 10715 | D:8      | Found a runed translucent gate.
 10715 | D:8      | Noticed execc's ghost (novice OpBe)
 10717 | D:8      | Found a runed translucent gate.
 10718 | D:8      | Noticed a kobold demonologist
 10790 | D:8      | Reached XP level 11. HP: 61/61 MP: 11/22
 11277 | D:8      | Learned a level 2 spell: Passwall
 11528 | D:8      | Found a snail-covered altar of Cheibriados.
 11608 | D:9      | Reached skill level 1 in Transmutations
 11608 | D:9      | Reached skill level 1 in Earth Magic
 12432 | D:9      | Found a staircase to the Lair.
 12630 | D:10     | Entered Level 10 of the Dungeon
 12712 | D:9      | Learned a level 4 spell: Petrify
 12730 | D:9      | HP: 3/61 [warg (10)]
 12969 | D:10     | Slain by an orc warrior

Levels and vault maps discovered:
D:1:      lightli_arrival_chessboard, layout_rooms, serial_forest,
          infiniplex_forest_split, infiniplex_forest_corner_1,
          infiniplex_forest_zigzag_1, infiniplex_forest_side_room
D:2:      layout_basic, first_ration, uniq_sigmund
D:3:      layout_basic, nrook_mini_vaults
D:4:      layout_cave_pools, serial_shops, shop, minmay_misc_feat_rows,
          minmay_misc_feat_ornament
D:5:      layout_basic, gup_sewer_entry_bubbles, gammafunk_ghost_mausoleum,
          uniq_blork_the_orc
D:6:      layout_basic, uniq_crazy_yiuf_cottage, uniq_menkaure
D:7:      lemuel_slime, layout_basic, minmay_temple_entry_fiery, serial_shops,
          shop_fountains, enter_bailey_2, uniq_harold
D:8:      layout_cave_pools, slow_altar_2, gammafunk_ghost_nasty_kobolds,
          uniq_prince_ribbit1
D:9:      layout_basic, erik_lair_orcish_takeover
D:10:     layout_rooms, david_orc_3, gammafunk_ghost_necromancy, grunt_livestock
Temple:   roderic_octagonal_lattice_temple

Skill      XL: |  1  2  3  4  5  6  7  8  9 10 11 |
---------------+----------------------------------+-----
Stealth        | 3 4 5 6 7 9 10 | 10.0
Conjurations   | 2 3 |  3.0
Charms         | 1 2 3 |  3.0
Spellcasting   | 3 4 6 7 8 |  8.7
Air Magic      | 4 5 7 8 |  8.0
Evocations     | 1 3 4 5 |  5.0
Translocations | 2 3 |  3.0
Dodging        | 3 5 7 8 |  8.4
Transmutations | 2 |  2.5
Earth Magic    | 2 |  2.7

Action                   |  1- 3 |  4- 6 |  7- 9 | 10-12 || total
-------------------------+-------+-------+-------+-------++-------
Melee: Unarmed           |    23 |       |       |       ||    23
       Constrict         |    11 |     5 |    16 |     3 ||    35
       Tentacles         |     7 |     4 |    31 |     2 ||    44
       Dagger            |    17 |    33 |   133 |    10 ||   193
       Short sword       |       |       |       |     2 ||     2
 Cast: Shock             |    54 |   112 |   300 |   465 ||   931
       Airstrike         |       |       |    32 |    27 ||    59
 Abil: Evoke Berserk Rag |       |       |       |     1 ||     1
Evoke: Wand              |       |       |     6 |     1 ||     7
  Use: Potion            |       |     2 |       |     1 ||     3
       Scroll            |       |     5 |     5 |    12 ||    22
 Stab: Sleeping          |     2 |     3 |     7 |       ||    12
  Eat: Chunk             |     1 |     8 |    16 |     7 ||    32
       Ration            |       |       |     1 |     3 ||     4
Armor: Skin              |    13 |     3 |    18 |    28 ||    62
Dodge: Dodged            |    59 |    45 |    57 |   130 ||   291
Block: Other             |       |       |       |     4 ||     4
